Selects Italian Combined Arms Battlegroup
Selects Bersaglieri Squad
Construct Light Support Kompanie
Selects Bersaglieri Bolster
Selects Breda Model 30 Light Machine Guns
Selects Semovente da 75/18 Assault Gun
Semovente da 75/18 Assault Gun
Construct Panzerarmee Kommand
Selects Carro Armato M13/40 Light Tank
Selects Carro Armato M13/40 Light Tank
Carro Armato M13/40 Light Tank
Walking Stuka Rocket Launcher